AoeStats
← AOKI_GworK

Four Lakes

503266003Analyzed
3v3 RM · 1mo ago on Aug 30, 2026· 18m 33s· 6 players
Game mode
Random Map
Map size
Normal (6 player)
Population
200
Speed
Normal
Resources
Standard
Victory
Conquest
Starting age
Dark Age
Ending age
Imperial Age
RankedLock teamsTeams togetherTeam positionsShared explorationLock speedFull tech treeHidden civsTurbo modeCheats
Victory
Defeat
🇧🇷 Maya · Brazil
1903
+5
🇧🇷 Franks · Brazil
1598
+16
🇧🇷 Ethiopians · Brazil
1563
+18
🇫🇷 Persians · France
1697
-16
🇫🇷 Dravidians · France
1686
-16
🇫🇷 Japanese · France
1441
-6
[LCDR] Alone
7:18 Loom
9:39 Feudal Age
10:18 Double-Bit Axe
12:11 Forging
16:42 Scale Barding Armor
GAX | BiduZera
7:34 Loom
9:44 Feudal Age
10:14 Double-Bit Axe
12:41 Fletching
13:33 Padded Archer Armor
19:57 Castle Age
18:59 Gold Mining
Fs.Alive
0:26 Loom
9:37 Feudal Age
10:15 Double-Bit Axe
12:54 Fletching
15:08 Padded Archer Armor
19:40 Castle Age
AOKI_GworK
7:15 Loom
9:50 Feudal Age
10:23 Double-Bit Axe
13:48 Fletching
15:01 Padded Archer Armor
AOKI_bjorni
7:59 Loom
10:15 Feudal Age
11:21 Double-Bit Axe
14:10 Fletching
14:07 Town Watch
20:50 Castle Age
AOKI_Yo
7:31 Loom
9:39 Feudal Age
12:50 Double-Bit Axe
16:47 Scale Barding Armor
Connection lost

Rejoining the realm…

Still unreachable

The connection could not be restored.

Session expired

The server has moved on; the page needs a fresh start.